AoeStats
← kokliii

Black Forest

503332964Analyzed
4v4 RM · 1mo ago on Aug 31, 2026· 46m 34s· 8 players
Game mode
Random Map
Map size
Large (8 player)
Population
200
Speed
Normal
Resources
Standard
Victory
Conquest
Starting age
Dark Age
Ending age
Imperial Age
RankedLock teamsTeams togetherTeam positionsShared explorationLock speedFull tech treeHidden civsTurbo modeCheats
Victory
Defeat
🇨🇳 Persians · China
885
+11
🇹🇼 Japanese · Taiwan
834
+13
🇺🇸 Khmer · United States
820
+14
🇨🇿 Persians · Czechia
751
+17
🇱🇧 Bulgarians · Lebanon
771
-14
🇹🇷 Persians · Türkiye
770
-14
🇳🇮 Saracens · Nicaragua
766
-13
🇹🇷 Bohemians · Türkiye
762
-13
littlesuperstar
0:26 Loom
14:17 Feudal Age
14:53 Horse Collar
15:00 Double-Bit Axe
20:21 Castle Age
20:01 Scale Barding Armor
20:07 Forging
19:56 Stone Mining
19:56 Gold Mining
20:07 Fishing Lines
21:42 Bow Saw
25:04 Stone Shaft Mining
24:34 Heavy Plow
26:00 Gillnets
31:39 Fortified Wall
31:25 Murder Holes
31:51 Ballistics
31:41 Masonry
36:03 Imperial Age
34:23 Gold Shaft Mining
34:55 Chain Barding Armor
35:11 Iron Casting
35:30 Stone Shaft Mining
35:41 Wheelbarrow
34:51 Town Watch
35:26 Caravan
35:36 Padded Archer Armor
35:26 Fletching
38:45 Chemistry
37:51 Double Crossbow
37:54 Tusk Swords
38:12 Hand Cart
37:57 Town Patrol
39:27 Coinage
38:56 Heavy Scorpion
40:12 Architecture
39:15 Capped Ram
41:32 Crop Rotation
41:04 Siege Ram
41:30 Elite Battle Elephant
42:33 Onager
44:39 Bloodlines
44:30 Husbandry
Spouter
0:42 Loom
13:23 Feudal Age
15:44 Wheelbarrow
15:14 Double-Bit Axe
15:40 Horse Collar
23:01 Castle Age
21:27 Gold Mining
21:27 Stone Mining
22:35 Forging
22:30 Scale Barding Armor
22:22 Fletching
22:57 Town Watch
23:49 Bow Saw
23:44 Heavy Plow
25:10 Gold Shaft Mining
25:10 Stone Shaft Mining
26:02 Hand Cart
26:57 Fervor
26:51 Devotion
27:07 Fervor
28:30 Town Patrol
30:19 Stone Shaft Mining
30:03 Caravan
31:45 Iron Casting
31:30 Chain Barding Armor
36:14 Imperial Age
34:24 Kamandaran
34:29 Scale Mail Armor
34:49 Chain Barding Armor
37:18 Coinage
36:58 Guilds
36:11 Pikeman
36:12 Man-at-Arms
36:37 Gambesons
36:52 Squires
36:38 Arson
37:10 Chain Mail Armor
37:55 Blast Furnace
37:30 Plate Barding Armor
36:51 Bodkin Arrow
36:56 Padded Archer Armor
37:21 Conscription
37:12 Citadels
37:53 Crop Rotation
37:22 Halberdier
37:22 Long Swordsman
37:28 Capped Ram
39:04 Plate Mail Armor
40:05 Hoardings
39:02 Sappers
40:44 Chemistry
40:05 Ballistics
41:17 Two-Man Saw
40:56 Banking
41:04 Elite War Elephant
42:33 Murder Holes
42:49 Masonry
43:28 Guard Tower
43:44 Siphons
43:50 Clinker Construction
43:50 Careening
44:46 Faith
45:01 Theocracy
44:22 Herbal Medicine
44:43 Block Printing
An
10:45 Feudal Age
15:34 Castle Age
14:54 Double-Bit Axe
15:02 Gold Mining
18:03 Stone Mining
22:58 Horse Collar
31:13 Imperial Age
29:26 Gold Shaft Mining
29:05 Bow Saw
29:33 Stone Shaft Mining
30:28 Heavy Plow
31:38 Wheelbarrow
31:00 Elite War Elephant
32:29 Forging
32:24 Scale Barding Armor
33:05 Hand Cart
34:36 Iron Casting
35:49 Crop Rotation
37:02 Chain Barding Armor
37:43 Blast Furnace
40:08 Plate Barding Armor
K
0:28 Loom
13:39 Feudal Age
14:26 Horse Collar
14:34 Double-Bit Axe
22:09 Castle Age
20:46 Stone Mining
20:48 Gold Mining
23:08 Bow Saw
23:02 Heavy Plow
27:57 Wheelbarrow
31:16 Murder Holes
33:56 Imperial Age
32:19 Hand Cart
32:57 Gold Shaft Mining
32:53 Yasama
35:46 Conscription
35:48 Kataparuto
35:19 Arrowslits
35:24 Guard Tower
35:55 Ballistics
35:16 Treadmill Crane
36:38 Chemistry
35:36 Fletching
36:57 Two-Man Saw
39:46 Squires
39:32 Arson
39:36 Gambesons
39:12 Man-at-Arms
40:02 Bodkin Arrow
40:18 Forging
40:08 Scale Mail Armor
40:27 Caravan
41:02 Elite Samurai
41:15 Long Swordsman
42:14 Bracer
42:50 Iron Casting
42:30 Chain Mail Armor
46:06 Plate Mail Armor
46:37 Blast Furnace
45:38 Padded Archer Armor
ali_mansour10
0:29 Loom
16:32 Feudal Age
17:49 Horse Collar
17:56 Double-Bit Axe
18:23 Fishing Lines
19:23 Wheelbarrow
18:34 Town Watch
21:49 Castle Age
23:00 Hand Cart
22:31 Town Watch
23:25 Bow Saw
25:56 Gillnets
27:38 Stone Mining
27:42 Gold Mining
28:22 Heavy Plow
29:12 Town Patrol
31:03 Masonry
30:49 Murder Holes
31:15 Ballistics
32:28 Scale Barding Armor
32:24 Scale Mail Armor
32:34 Forging
32:15 Fletching
32:25 Padded Archer Armor
32:39 Pikeman
33:20 Squires
34:24 Chain Mail Armor
36:58 Imperial Age
36:15 Gold Shaft Mining
38:16 Crop Rotation
37:11 Halberdier
42:31 Plate Mail Armor
chingon
0:42 Loom
14:49 Feudal Age
16:29 Double-Bit Axe
16:28 Horse Collar
22:29 Castle Age
20:38 Stone Mining
24:03 Wheelbarrow
26:11 Bow Saw
27:50 Heavy Plow
28:17 Hand Cart
30:14 Hand Cart
30:44 Ballistics
30:49 Scale Barding Armor
30:55 Forging
31:07 Caravan
36:29 Chain Barding Armor
36:45 Iron Casting
36:23 Fortified Wall
36:16 Padded Archer Armor
36:07 Fletching
35:45 Elite Skirmisher
36:31 Thumb Ring
35:58 Pikeman
36:38 Squires
36:24 Gambesons
36:25 Arson
38:25 Husbandry
38:36 Bloodlines
43:16 Imperial Age
42:28 Leather Archer Armor
42:08 Bodkin Arrow
42:03 Town Watch
43:32 Gold Mining
kokliii
1:01 Loom
12:20 Feudal Age
12:44 Double-Bit Axe
13:47 Wheelbarrow
13:49 Horse Collar
23:22 Castle Age
23:39 Scale Barding Armor
23:45 Forging
23:25 Fletching
23:36 Padded Archer Armor
23:30 Gold Mining
23:34 Stone Mining
25:49 Bow Saw
27:19 Heavy Plow
27:43 Chain Barding Armor
27:59 Iron Casting
27:19 Bodkin Arrow
27:40 Leather Archer Armor
27:27 Husbandry
27:38 Bloodlines
28:17 Hand Cart
27:52 Fishing Lines
28:20 Caravan
29:16 Kamandaran
32:38 Gold Shaft Mining
32:42 Stone Shaft Mining
32:21 Fervor
32:52 Ballistics
32:28 Murder Holes
32:29 Crossbowman
33:15 Thumb Ring
37:04 Imperial Age
37:55 Ring Archer Armor
38:35 Chemistry
37:17 Heavy Camel Rider
39:54 Hoardings
42:37 Theocracy
DUREX
0:34 Loom
12:47 Feudal Age
13:19 Double-Bit Axe
14:13 Wheelbarrow
14:53 Horse Collar
Connection lost

Rejoining the realm…

Still unreachable

The connection could not be restored.

Session expired

The server has moved on; the page needs a fresh start.